 Dungeon Crawl Stone Soup version 0.30.0-10-gfe55d96785 (webtiles) character file.

Game seed: 14376117874913282952

11 cheesebisquit the Chopper (level 2, 27/27 HPs)
             Began as a Minotaur Berserker on May 15, 2023.
             Was a Follower of Trog.
             Quit the game on level 1 of the Dungeon.
             The game lasted 00:02:58 (692 turns).

cheesebisquit the Chopper (Minotaur Berserker)       Turns: 692, Time: 00:02:58

Health: 27/27      AC:  7    Str: 21    XL:     2   Next: 17%
Magic:  1/1        EV: 10    Int:  4    God:    Trog [*.....]
Gold:   76         SH:  0    Dex:  9    Spells: 1/1 levels left

rFire   . . .        a - +0 hand axe
rCold   . . .        (no shield)
rNeg    . . .        e - +0 scale mail
rPois   .            (helmet restricted)
rElec   .            b - scarf {+Inv}
rCorr   .            i - +0 pair of gloves
SInv    .            (no boots)
Will    .....        (no amulet) Stlth
                     (no ring)
HPRegen 0.24/turn    (no ring)
MPRegen 0.07/turn

%: no passive effects
@: no status effects
A: horns 2, retaliatory headbutt
a: Renounce Religion, Evoke Invisibility, Berserk


You were on level 1 of the Dungeon.
You worshipped Trog.
Trog was aware of your devotion.
You visited 1 branch of the dungeon, and saw 1 of its levels.

You collected 76 gold pieces.

Inventory:

Hand Weapons
 a - a +0 hand axe (weapon)
Armour
 b - a scarf of invisibility (worn)
 e - a +0 scale mail (worn)
 i - a +0 pair of gloves (worn)
Scrolls
 c - a scroll of teleportation {unknown}
 d - a scroll of acquirement {unknown}
 f - a scroll of enchant weapon {unknown}
 g - a scroll of identify {unknown}
 k - a scroll of poison {unknown}
 l - a scroll of torment {unknown}
Potions
 h - a potion of might {unknown}
 j - a potion of degeneration {unknown}


   Skills:
 + Level 3.8 Fighting
 * Level 3.9 Axes
 + Level 2.6 Armour
 + Level 2.3 Dodging
 + Level 0.3 Stealth


You had one spell level left.
You didn't know any spells.
Your spell library was empty.

Dungeon Overview and Level Annotations

Branches:
Dungeon (1/15)

Altars:

Shops:
D:1 :


Innate Abilities, Weirdness & Mutations

You have a pair of horns on your head.
You reflexively headbutt those who attack you in melee.


Message History

Found Qeghuy's Book Shoppe.
There is an open door here.
There is an entrance to Qeghuy's Book Shoppe here.
There is an open door here.
Things that are here:
a +0 short sword; a kobold corpse You now have 76 gold pieces (gained 16).
There is a stone staircase leading down here.
You open the door.
A bat comes into view.
The bat hits you but does no damage.
You miss the bat. The bat hits you but does no damage.
The bat barely misses you. The bat closely misses you.
You completely miss the bat. Your headbutt misses the bat.
Your punch misses the bat. The bat hits you but does no damage.
The bat barely misses you. The bat closely misses you.
The bat barely misses you.
You hit the bat.
You kill the bat!
Trog accepts your kill.
No target in view!
No target in view!
No target in view!
No target in view!
There is an open door here.
Found a robe.
You see here a +0 robe.
You open the door.
Found a glaive.
There is an open door here.
You see here a +0 glaive.
You see here a +0 leather armour.
l - a scroll labelled ALAEVV HYLYHAPP
There is an open door here.
You open the door.
There is an open door here.
As you open the door, it creaks loudly!
Done exploring.
Done exploring.
Are you sure you want to abandon this character and quit the game? (Confirm with "yes".)

...# #....>....# #..#... ...#
#.........# #.[####
...########.........# #..####
.....)..............#######....##
................†................
............#...........####.#.##
............'.#.).......# #.#.##
#........>..###.........######...
#########'####'.@.......#.......#
###### #.# ##.........#.......#
#....# #.# #.........#.......#
#.##.# #.# #.........#.......#
#.##.###.## ###........#.......+
#.##......###.##.......#.......#
#.#####...##.|.##.######.....|.#
#.#####..####.##########.......#
##.........# #..............###.#


There were no monsters in sight!

Vanquished Creatures
  2 goblins (D:1)
  A ball python (D:1)
  4 bats (D:1)
  2 frilled lizards (D:1)
  A kobold (D:1)
  4 rats (D:1)
14 creatures vanquished.

Notes
Turn   | Place    | Note
-------+----------+-------------------------------------------
     0 | D:1      | cheesebisquit the Minotaur Berserker began the quest for
                  | the Orb.
     0 | D:1      | Reached XP level 1. HP: 19/19 MP: 0/0
   389 | D:1      | Reached XP level 2. HP: 27/27 MP: 1/1
   552 | D:1      | Found Qeghuy's Book Shoppe.
   692 | D:1      | Quit the game

Illustrated notes

Levels and vault maps discovered:
D:1:      dpeg_arrival_subterranean_lakeside_camping, layout_basic,
          serial_shops, nicolae_shop_window_shopping, nrook_loot_triangle,
          bh_walls_and_bars

Action                     || total
---------------------------++-------
  Melee: Hand axe          ||    29
         Headbutt          ||     2
 Armour: Scale mail        ||    14
  Dodge: Dodged            ||    15
